Map: Overgrowth LE (Void)

Players

Gorod

  • Race: Zerg Zerg
  • League: Diamond
  • Spawn Location: 1:00

Kliska4 - Winner!

  • Race: Protoss Protoss
  • League: Diamond
  • Spawn Location: 7:00

VOD

Have the link to the VOD?

Description

Time

  • Played on: Dec. 19, 2016, 8 a.m.
  • Length: 16:06
Show
View Real Time Build Order
Export as new Build Order

Gorod Zerg 

Build Orders: Pool First 

Get SALT Encoding   

  12  0:00  Drone  
  13  0:09  Drone  
  14  0:14  Extractor  
  14  0:15  Drone  
  15  0:34  Spawning Pool  
  14  0:42  Extractor  
  13  0:43  Drone  
  15  1:07  Hatchery  
  14  1:16  Drone, Extractor  
  14  1:19  Drone, Extractor  
  14  1:24  Overlord  
  16  1:42  Queen  
  18  1:55  Drone x2  
  18  2:01  Zergling x2  
  21  2:04  Extractor  
  21  2:06  Drone  
  21  2:17  Drone  
  21  2:20  Drone  
  21  2:22  Queen  
  25  2:41  Zergling x2  
  25  2:42  Zergling x2  
  27  2:47  Drone  
  27  2:50  Overlord  
  28  3:07  Queen, Pneumatized Carapace  
  30  3:19  Drone x6  
  36  3:22  Overlord  
  36  3:36  Hatchery  
  35  3:51  Metabolic Boost  
  35  3:57  Evolution Chamber  
  34  4:03  Zergling x8  
  34  4:04  Zergling x2  
  39  4:10  Spore Crawler  
  39  4:11  Spore Crawler  
  39  4:13  Drone x6  
  39  4:16  Spore Crawler  
  42  4:22  Drone  
  42  4:23  Drone  
  44  4:26  Lair  
  44  4:34  Extractor  
  43  4:50  Overlord x4  
  41  5:14  Drone  
  41  5:15  Drone x7  
  49  5:25  Zergling x2  
  48  5:39  Zergling x16  
  48  5:40  Zergling x2  
  55  5:51  Extractor  
  55  5:53  Extractor  
  55  5:56  Roach Warren  
  52  6:01  Hydralisk Den, Drone x6  
  53  6:23  Drone  
  53  6:24  Drone x8  
  62  6:40  Drone x10  
  62  6:41  Extractor  
  62  6:44  Extractor  
  62  6:45  Glial Reconstitution  
  69  6:47  Muscular Augments  
  69  6:55  Drone  
  69  6:56  Drone x4  
  74  7:06  Roach x4  
  76  7:26  Hydralisk x3  
  82  7:31  Zerg Missile Weapons Level 1  
  82  7:33  Overlord x2  
  82  7:34  Overlord x2  
  82  7:51  Hydralisk x11  
  82  7:57  Ravager x4  
  108  8:22  Overlord  
  108  8:23  Overlord  
  108  8:24  Overlord  
  108  8:28  Drone x4  
  112  8:42  Hatchery  
  112  8:44  Extractor x2  
  109  9:02  Overlord x4  
  109  9:13  Spire  
  108  9:19  Zergling x14  
  94  9:59  Drone x3  
  97  10:00  Drone x6  
  97  10:01  Drone x5  
  97  10:02  Drone x4  
  97  10:03  Drone x4  
  97  10:06  Overlord x3  
  116  10:24  Corruptor  
  116  10:25  Corruptor x11  
  140  10:31  Zerg Flyer Weapons Level 1, Corruptor x6  
  140  10:32  Corruptor x2  
  156  10:37  Hydralisk  
  156  10:38  Hydralisk  
  159  10:59  Hydralisk x8  
  174  11:06  Overlord x4  
  169  11:28  Corruptor x10  
  169  11:32  Overseer  
  188  11:36  Overseer  
  188  11:39  Drone x2  
  190  11:56  Corruptor  
  190  11:57  Corruptor x4  
  190  12:00  Extractor  
  199  12:01  Hatchery  
  198  12:25  Zerg Flyer Armor Level 1  
  197  12:50  Hydralisk  
  150  13:25  Corruptor x2  
  150  13:26  Corruptor x15  
  168  13:30  Roach x9  
  174  13:47  Roach x5  
  166  14:03  Roach  
  166  14:04  Roach x7  
  156  14:21  Roach x8  
  98  14:42  Corruptor x7  
  110  14:48  Drone  
  111  15:22  Ravager x5  
  111  15:23  Ravager x2  
  118  15:29  Roach x5  
Show
View Real Time Build Order
Export as new Build Order

Kliska4 Protoss - Winner!

Build Orders: Nexus First 

Get SALT Encoding   

  12  0:00  Probe (Chrono Boost)  
  13  0:11  Probe (Chrono Boost)  
  14  0:19  Pylon  
  14  0:22  Probe (Chrono Boost)  
  15  0:37  Probe (Chrono Boost)  
  16  0:47  Probe (Chrono Boost)  
  17  0:58  Probe (Chrono Boost)  
  18  1:05  Nexus  
  18  1:18  Gateway  
  18  1:22  Assimilator, Probe (Chrono Boost)  
  19  1:35  Assimilator  
  19  1:38  Probe (Chrono Boost)  
  20  1:41  Pylon  
  20  1:49  Probe (Chrono Boost)  
  21  2:03  Zealot  
  21  2:06  Cybernetics Core  
  23  2:12  Probe (Chrono Boost)  
  24  2:18  Probe (Chrono Boost)  
  26  2:24  Probe (Chrono Boost)  
  26  2:29  Probe (Chrono Boost)  
  28  2:38  Probe (Chrono Boost)  
  28  2:43  Mothership Core (Chrono Boost)  
  30  2:46  Adept  
  30  2:50  Warp Gate, Probe (Chrono Boost)  
  33  2:57  Pylon  
  33  3:01  Probe (Chrono Boost)  
  33  3:02  Probe (Chrono Boost)  
  34  3:11  Adept, Probe (Chrono Boost)  
  35  3:14  Probe (Chrono Boost)  
  35  3:19  Stargate  
  38  3:22  Probe (Chrono Boost)  
  38  3:26  Probe (Chrono Boost)  
  40  3:29  Assimilator  
  40  3:33  Probe (Chrono Boost)  
  41  3:36  Probe (Chrono Boost)  
  41  3:38  Adept  
  44  3:43  Probe (Chrono Boost)  
  44  3:46  Pylon  
  44  3:47  Probe (Chrono Boost)  
  46  3:54  Probe (Chrono Boost)  
  47  3:57  Probe (Chrono Boost)  
  47  4:01  Oracle, Pylon  
  48  4:05  Adept, Probe (Chrono Boost)  
  55  4:11  Probe (Chrono Boost)  
  55  4:15  Probe (Chrono Boost)  
  56  4:20  Forge  
  56  4:23  Probe (Chrono Boost)  
  57  4:26  Probe (Chrono Boost)  
  57  4:31  Void Ray  
  58  4:35  Probe (Chrono Boost)  
  58  4:37  Probe (Chrono Boost)  
  64  4:47  Probe (Chrono Boost)  
  64  4:48  Probe (Chrono Boost)  
  66  4:53  Nexus  
  66  4:55  Pylon  
  66  4:59  Probe x2 (Chrono Boost)  
  68  5:09  Probe (Chrono Boost)  
  68  5:11  Probe (Chrono Boost)  
  68  5:13  Assimilator  
  70  5:14  Photon Cannon  
  70  5:19  Sentry  
  70  5:20  Probe (Chrono Boost)  
  73  5:24  Probe (Chrono Boost)  
  74  5:29  Pylon  
  74  5:30  Probe (Chrono Boost)  
  74  5:34  Photon Cannon  
  74  5:35  Photon Cannon  
  76  5:36  Probe (Chrono Boost)  
  76  5:42  Pylon, Void Ray  
  76  5:44  Probe (Chrono Boost), Fleet Beacon  
  76  5:49  Probe (Chrono Boost)  
  82  5:54  Probe (Chrono Boost)  
  83  6:00  Pylon  
  83  6:01  Adept  
  83  6:02  Probe (Chrono Boost)  
  86  6:05  Probe (Chrono Boost)  
  87  6:13  Photon Cannon  
  87  6:14  Probe (Chrono Boost)  
  87  6:15  Probe (Chrono Boost)  
  89  6:19  Pylon  
  89  6:20  Void Ray  
  88  6:26  Probe (Chrono Boost)  
  88  6:27  Graviton Catapult  
  88  6:31  Probe (Chrono Boost)  
  93  6:37  Stargate  
  93  6:38  Stargate, Probe (Chrono Boost)  
  94  6:41  Sentry  
  94  6:43  Probe (Chrono Boost)  
  97  6:49  Assimilator  
  97  6:50  Assimilator, Probe (Chrono Boost)  
  97  6:51  Pylon  
  97  6:53  Photon Cannon  
  98  6:56  Photon Cannon  
  98  6:59  Photon Cannon  
  98  7:01  Photon Cannon  
  98  7:02  Photon Cannon, Pylon  
  99  7:09  Protoss Ground Weapons Level 1  
  99  7:10  Probe (Chrono Boost)  
  99  7:15  Carrier  
  99  7:21  Carrier  
  99  7:25  Carrier  
  117  7:37  Pylon  
  117  7:41  Photon Cannon  
  117  7:44  Probe (Chrono Boost)  
  118  7:45  Pylon  
  118  7:51  Zealot  
  120  7:56  Photon Cannon  
  120  7:59  Gateway  
  120  8:00  Photon Cannon  
  120  8:01  Gateway  
  120  8:02  Gateway  
  120  8:05  Photon Cannon  
  120  8:11  Zealot  
  122  8:16  Twilight Council  
  122  8:26  Pylon  
  122  8:28  Photon Cannon  
  122  8:29  Pylon  
  122  8:32  Photon Cannon, Zealot  
  124  8:35  Pylon  
  124  8:38  Pylon  
  124  8:43  Carrier x2  
  121  8:53  Carrier  
  139  8:57  Protoss Air Weapons Level 1  
  139  9:04  Charge  
  139  9:05  Cybernetics Core  
  139  9:11  Nexus  
  139  9:12  Pylon  
  139  9:13  Zealot x2  
  139  9:14  Pylon  
  143  9:31  Photon Cannon  
  143  9:34  Photon Cannon  
  143  9:36  Zealot  
  143  9:37  Zealot x3  
  148  9:46  Probe (Chrono Boost)  
  148  9:57  Carrier  
  148  9:58  Carrier  
  148  10:09  Nexus  
  160  10:14  Photon Cannon  
  160  10:16  Photon Cannon x2, Protoss Air Armor Level 1  
  160  10:19  Carrier, Photon Cannon  
  166  10:33  Photon Cannon  
  166  10:37  Photon Cannon  
  166  10:42  Zealot x4  
  180  11:02  Zealot  
  182  11:06  Assimilator  
  182  11:10  Assimilator  
  182  11:11  Photon Cannon  
  182  11:12  Carrier  
  182  11:16  Photon Cannon  
  182  11:18  Sentry x3, Pylon  
  186  11:25  Zealot  
  196  11:31  Photon Cannon  
  198  11:33  Photon Cannon  
  198  11:34  Probe x2 (Chrono Boost)  
  198  11:44  Robotics Facility  
  198  12:10  Dark Shrine  
  198  12:11  Pylon  
  198  12:17  Pylon  
  198  12:25  Stargate, Protoss Air Weapons Level 2  
  198  12:26  Protoss Air Armor Level 2  
  198  12:28  Photon Cannon, Stargate  
  198  12:30  Photon Cannon x2  
  198  12:42  Observer  
  195  13:02  Gateway  
  195  13:03  Gateway  
  195  13:05  Gateway  
  184  13:22  Carrier x2  
  184  13:24  Zealot x4  
  192  13:27  Void Ray x2  
  192  13:33  Void Ray  
  174  13:46  Dark Templar x4  
  156  14:04  Void Ray  
  156  14:05  Void Ray  
  156  14:06  Archon  
  156  14:07  Archon  
  154  14:15  Dark Templar  
  154  14:16  Dark Templar  
  162  14:20  Archon  
  162  14:22  Carrier  
  158  14:31  Dark Templar  
  158  14:32  Dark Templar x3  
  158  14:36  Carrier  
  148  14:48  Void Ray, Nexus  
  148  14:49  Dark Templar x2  
  168  14:59  Archon  
  168  15:06  Mothership Core (Chrono Boost)  
  170  15:08  Observer  
  171  15:17  Pylon  
  171  15:24  Zealot x3  
  171  15:25  Zealot x3  
  183  15:33  Observer, Pylon  
  184  15:36  Pylon  
  184  15:40  Photon Cannon  
  184  15:44  Photon Cannon  
  184  15:47  Dark Templar x4  
  192  15:51  Archon x3  
  192  15:52  Archon  
Tags
 
Add a new tag
Caveats
  • Supply blocks, unpowered buildings, or Contaminate may cause inaccurate times.
  • Supply counts are checked every 10 seconds.